 Dungeon Crawl Stone Soup version 0.31-a0-986-g5e6e4ef867 (webtiles) character file.

Game seed: 1392792945117887837

75 Naiya55 the Trooper (level 4, 0/37 HPs)
             Began as a Formicid Fighter on Nov 4, 2023.
             Slain by a gnoll
             ... wielding a +0 halberd
              (2 damage)
             ... on level 2 of the Dungeon.
             The game lasted 00:01:34 (984 turns).

Naiya55 the Trooper (Formicid Fighter)               Turns: 984, Time: 00:01:34

Health: 0/37       AC:  6    Str: 23    XL:     4   Next: 55%
Magic:  4/4        EV:  9    Int:  7    God:
Gold:   51         SH:  5    Dex: 13    Spells: 3/3 levels left

rFire   . . .        a - +0 war axe
rCold   . . .        c - +0 buckler
rNeg    . . .        b - +0 scale mail
rPois   .            (helmet unavailable)
rElec   .            (no cloak)
rCorr   .            (no gloves)
SInv    +            (no boots)
Will    .....        (no amulet) Stlth
                     (no ring)
HPRegen 0.26/turn    (no ring)
MPRegen 0.09/turn

%: no passive effects
@: mighty
A: permanent stasis, dig shafts and tunnels, antennae 3, four strong arms
a: Dig, Shaft Self


You were on level 2 of the Dungeon.
You visited 1 branch of the dungeon, and saw 2 of its levels.

You collected 51 gold pieces.

Inventory:

Hand Weapons
 a - a +0 war axe (weapon)
Armour
 b - a +0 scale mail (worn)
 c - a +0 buckler (worn)
Jewellery
 l - a +6 ring of intelligence
Scrolls
 e - 2 scrolls of amnesia {unknown}
 g - 4 scrolls of identify {unknown}
 j - a scroll of fear {unknown}
 k - a scroll of noise {unknown}
Potions
 f - 2 potions of ambrosia {unknown}
 h - a potion of lignification {unknown}
 i - a potion of degeneration {unknown}
 m - a potion of enlightenment {unknown}
 n - a potion of resistance {unknown}


   Skills:
 + Level 4.1 Fighting
 * Level 3.7 Axes
 - Level 3.2 Armour
 - Level 4.0 Shields


You had 3 spell levels left.
You didn't know any spells.
Your spell library contained the following spells:

 Spells                   Type           Power      Damage    Failure   Level
 Kiss of Death            Conj/Necr      0%         2d5       80%         1
 Confusing Touch          Hex            0%         N/A       99%         3
 Dispel Undead            Necr           0%         3d6       100%        4


Dungeon Overview and Level Annotations

Branches:
Dungeon (2/15)

Altars:


Innate Abilities, Weirdness & Mutations

You cannot be hasted, slowed, berserked, paralysed or teleported.
You can dig through walls and to a lower floor.
You have a pair of large antennae on your head. (SInv)
Your four strong arms can wield two-handed weapons with a shield.


Message History

You slash the endoplasm!
You kill the endoplasm!
No target in view!
No target in view!
No target in view!
No target in view!
No target in view!
No target in view!
No target in view!
No target in view!
No target in view!
No target in view!
No target in view!
A gnoll comes into view. It is wielding a +0 halberd.
The gnoll shouts!
You hear a shout!
A gnoll is nearby!
A gnoll is nearby!
A gnoll is nearby!
A gnoll comes into view. It is wielding a +0 halberd.
You feel very mighty all of a sudden. The gnoll barely misses you.
A gnoll comes into view. It is wielding a +0 club.
A gnoll comes into view. It is wielding a +0 halberd.
The gnoll shouts! x2
You block the gnoll's attack.
The gnoll hits you from afar with a +0 halberd!
You closely miss the gnoll. The gnoll hits you but does no damage.
You block the gnoll's attack. The gnoll hits you with a +0 halberd.
The gnoll hits you from afar with a +0 halberd!
You hit the gnoll.
The gnoll is heavily wounded.
The gnoll hits you from afar with a +0 halberd!
* * * LOW HITPOINT WARNING * * *
The gnoll barely misses you.
You hit the gnoll.
The gnoll is almost dead.
The gnoll hits you with a +0 halberd.
* * * LOW HITPOINT WARNING * * *
The gnoll hits you from afar with a +0 halberd.
You die...

#.####.#.#.#
#.#....#.#.#
#.#.####.#.# #.#†#
#.#.#
#######.#.####.#.#
...............#.#
#######.#.######.#
...#.# #.# #####.#
#@# #.# #g# #.#
#g# ..# #g# ## #g#
#.# #.# ..#


You could see 4 gnolls.

Vanquished Creatures
  A sleepcap (D:2)
  4 dart slugs
  6 bats
  An endoplasm (D:2)
  7 goblins
  3 hobgoblins
  4 quokkas
  4 ball pythons (D:1)
  2 frilled lizards
  3 kobolds
  3 rats
38 creatures vanquished.

Notes
Turn   | Place    | Note
-------+----------+-------------------------------------------
     0 | D:1      | Naiya55 the Formicid Fighter began the quest for the Orb.
     0 | D:1      | Reached XP level 1. HP: 18/18 MP: 1/1
   125 | D:1      | Reached XP level 2. HP: 22/24 MP: 2/2
   238 | D:1      | Found a faded altar of an unknown god.
   368 | D:1      | Reached XP level 3. HP: 30/30 MP: 3/3
   870 | D:2      | Reached XP level 4. HP: 21/37 MP: 4/4
   984 | D:2      | Slain by a gnoll

Illustrated notes

Levels and vault maps discovered:
D:1:      sevenhm_arrival_forest_fort_small_4, layout_loops_ring,
          ebering_ecumenical_altar_mist
D:2:      layout_basic, chequers_serial_rivers_small_b

Skill      XL: |  1  2  3 |
---------------+----------+-----
Axes           | 3 |  3.7
Fighting       | 4 |  4.1
Armour         | |  3.2
Shields        | |  4.0

Action                     |  1- 3 |  4- 6 || total
---------------------------+-------+-------++-------
  Melee: War axe           |    87 |    15 ||   102
    Use: Potion            |       |     1 ||     1
 Armour: Scale mail        |    63 |    15 ||    78
  Dodge: Dodged            |    40 |     8 ||    48
  Block: Buckler           |    23 |     2 ||    25

Table legend: (Time is in decaauts)
 A = Elapsed time spent in this place.
 B = Non-inter-level travel time spent in this place.
 C = Inter-level travel time spent in this place.
 D = Time resting spent in this place.
 E = Time spent auto-exploring this place.
 F = Levels seen in this place.
 G = Mean time per level.
                   A        B        C        D        E       F      G
               +--------+--------+--------+--------+--------+-----+--------+
         Total |   1026 |    994 |     32 |      0 |    722 |   2 |  513.0 |
       Dungeon |   1026 |    994 |     32 |      0 |    722 |   2 |  513.0 |
               +--------+--------+--------+--------+--------+-----+--------+

Top non-repeatable levels by time:
     D:1: 713 daAuts
     D:2: 313 daAuts
